 Dungeon Crawl Stone Soup version 0.23-a0-344-ge122d05 (webtiles) character file.

4057 Ijustatesigmund the Deliberate (level 10, -8/63 HPs)
             Began as an Octopode Conjurer on Oct 18, 2018.
             Was a Follower of Cheibriados.
             Mangled by an orc warrior
             ... wielding a +0 glaive
              (19 damage)
             ... on level 8 of the Dungeon on Oct 19, 2018.
             The game lasted 00:37:09 (14922 turns).

Ijustatesigmund the Deliberate (Octopode Conjurer) Turns: 14922, Time: 00:37:10

Health: -8/63      AC:  1    Str: 16    XL:     10   Next: 25%
Magic:  4/17       EV: 14    Int: 20    God:    Cheibriados [*.....]
Gold:   433        SH:  7    Dex: 19    Spells: 7/13 levels left

rFire    . . .     SeeInvis .   c - +3 mace (protect)
rCold    . . .     Gourm    .   m - +1 buckler
rNeg     . . .     Faith    .   (helmet restricted)
rPois    .         Spirit   .   (no amulet)
rElec    .         Reflect  .   e - +5 ring of strength
rCorr    .         Harm     .   (no ring)
MR       .....                  (no ring)
Stlth    ++++......             (no ring)
HPRegen  0.20/turn              (no ring)
MPRegen  0.15/turn              (no ring)
                                (no ring)
                                (no ring)

@: very slow
A: almost no armour, stealthy swim, amphibious, 8 rings, constrict 8, camouflage
1, gelatinous body 1
a: Bend Time, Renounce Religion


You were on level 8 of the Dungeon.
You worshipped Cheibriados.
Cheibriados was aware of your devotion.
You were not hungry.

You visited 1 branch of the dungeon, and saw 8 of its levels.

You collected 433 gold pieces.

Inventory:

Hand Weapons
 c - a +3 mace of protection (weapon)
Missiles
 f - a throwing net (quivered)
Armour
 m - a +1 buckler (worn)
Magical Staves
 q - an uncursed staff of summoning
Jewellery
 e - a +5 ring of strength (left tentacle)
Wands
 o - a wand of polymorph (2)
Scrolls
 a - a scroll of teleportation
 h - a scroll of amnesia
 j - 2 scrolls of immolation
 p - 5 scrolls of identify
Potions
 g - a potion of flight
 i - a potion of cancellation
 l - 2 potions of curing
Comestibles
 b - 6 rations


   Skills:
 - Level 3.7 Fighting
 - Level 4.1 Maces & Flails
 - Level 2.7 Dodging
 - Level 5.8 Stealth
 - Level 4.6 Shields
 - Level 2.0 Spellcasting
 - Level 7.1 Conjurations
 - Level 3.6 Hexes
 + Level 10.1 Invocations


You had 7 spell levels left.
You knew the following spells:

 Your Spells              Type           Power        Failure   Level  Hunger
a - Magic Dart            Conj           ####         1%          1    #......
b - Searing Ray           Conj           ####..       1%          2    ##.....
c - Dazzling Spray        Conj/Hex       ###...       5%          3    ###....

Your spell library contained the following spells:

 Spells                   Type           Power        Failure   Level  Hunger
 Iskenderun's Mystic Bla  Conj           ####....     9%          4    #####..
 Beastly Appendage        Tmut           #.....       16%         1    #......
 Fulminant Prism          Conj/Hex       ###.......   17%         4    #####..
 Sticks to Snakes         Tmut           #.......     24%         2    ##.....
 Force Lance              Conj/Tloc      ###.....     36%         4    #####..
 Spider Form              Tmut/Pois      #.........   43%         3    ###....
 Ice Form                 Ice/Tmut       #.......     83%         4    #####..
 Blade Hands              Tmut           #.........   99%         5    ######.


Dungeon Overview and Level Annotations

Branches:
Dungeon (8/15)             Temple (0/1) D:6
   Lair: D:8-11

Altars:
Cheibriados
Fedhas
Gozag
Qazlal
Sif Muna
Wu Jian
Zin
Beogh


Innate Abilities, Weirdness & Mutations

You cannot wear most types of armour.
You are very stealthy in the water. (Stealth+)
You are amphibious.
You can wear up to eight rings at the same time.
You can use your tentacles to constrict eight enemies at once.
Your skin changes colour to match your surroundings (Stealth+).
Your rubbery body absorbs attacks. (AC +1, EV +1)


Message History

(Press . to maintain the ray.)
You constrict the basilisk. You block the orc warrior's attack.
The basilisk gazes at you. You resist with some effort.
The searing ray hits the basilisk.
The basilisk is almost dead.
You constrict the basilisk.
You kill the basilisk!
Your Invocations skill increases to level 10!
The orc warrior hits you from afar with a +0 glaive!
* * * LOW HITPOINT WARNING * * *
The searing ray hits the orc warrior.
The orc warrior is lightly wounded.
The orc warrior hits you from afar with a +0 glaive!
* * * LOW HITPOINT WARNING * * *
The searing ray misses the orc warrior.
You finish channeling your searing ray.
Okay, then.
You feel better.
The orc warrior hits you from afar with a +0 glaive!!
You die...

P.....r ....♣l. #######
.P.P... #.....##.PP....
#.....#.. #.l..♣
#....... #..Y< #.
#.....### #####
###o###(..†....
#...†@......#
###.###.....##.
####...#........
#≈##...#.....###
##≈##............
##≈≈≈#...#########
#≈≈≈≈#......#
#########≈≈≈≈#...##.##
#<)..(..#≈.≈≈#≈.....≈..


You could see an orc warrior.

Vanquished Creatures
  The ghost of Soeti the Sneak, a novice OpTm (D:7)
  Grinder (D:6)
  The ghost of Ijustatesigmund the Vexing, an amateur OpCj (D:3)
  A basilisk (D:8)
  A hungry ghost (D:8)
  A water moccasin (D:7)
  A porcupine (D:8)
  3 orc warriors
  2 phantoms
  2 sky beasts
  An ice beast (D:8)
  A black bear (D:6)
  An ogre (D:7)
  2 centaurs
  6 bullfrogs
  A wyvern skeleton (D:7)
  3 jellies
  4 scorpions
  A howler monkey (D:4)
  2 crimson imps
  A centaur zombie (D:7)
  5 orc priests
  4 hounds
  5 orc wizards
  Ijyb (D:5)
  5 worker ants
  A hound skeleton (D:5)
  A worker ant zombie (D:3)
  7 gnolls
  10 adders
  A shadow imp (D:5)
  3 oozes
  3 adder skeletons
  2 adder zombies
  3 worms (D:2)
  2 dart slugs
  8 leopard geckos
  35 orcs
  13 giant cockroaches
  15 goblins
  12 hobgoblins
  8 jackals
  5 kobolds
  4 quokkas
  6 bats (D:1)
  5 frilled lizards
  A jackal zombie (D:5)
  A leopard gecko skeleton (D:3)
  2 quokka zombies
  16 rats
221 creatures vanquished.

Vanquished Creatures (others)
  2 bushes (D:8)
  6 plants (D:8)
8 creatures vanquished.

Grand Total: 229 creatures vanquished

Notes
Turn   | Place    | Note
-------+----------+-------------------------------------------
     0 | D:1      | Ijustatesigmund the Octopode Conjurer began the quest for
                  | the Orb.
     0 | D:1      | Reached XP level 1. HP: 11/11 MP: 3/3
   359 | D:1      | Reached XP level 2. HP: 18/18 MP: 0/5
   382 | D:1      | Reached skill level 1 in Fighting
   624 | D:1      | Reached XP level 3. HP: 24/24 MP: 1/6
  1763 | D:2      | Reached XP level 4. HP: 23/31 MP: 0/7
  2872 | D:2      | Learned a level 2 spell: Searing Ray
  2876 | D:2      | Learned a level 3 spell: Dazzling Spray
  3227 | D:2      | Found a blossoming altar of Fedhas.
  3782 | D:3      | Reached skill level 1 in Maces & Flails
  3782 | D:3      | Reached skill level 1 in Hexes
  3782 | D:3      | Reached XP level 5. HP: 35/37 MP: 1/8
  3877 | D:3      | Noticed Ijustatesigmund's ghost (amateur OpCj)
  3880 | D:3      | Found a runed gate.
  3880 | D:3      | Found a runed gate.
  3880 | D:3      | Found a runed gate.
  4273 | D:3      | Upgraded the game from 0.23-a0-338-g8ff0b24 to
                  | 0.23-a0-344-ge122d05
  5426 | D:3      | Reached XP level 6. HP: 17/43 MP: 1/9
  5532 | D:3      | Reached skill level 5 in Conjurations
  6601 | D:4      | Reached XP level 7. HP: 47/47 MP: 2/10
  7359 | D:4      | Found an opulent altar of Gozag.
  7527 | D:4      | Found an ornate altar of the Wu Jian Council.
  7608 | D:4      | Found a stormy altar of Qazlal.
  7808 | D:5      | Entered Level 5 of the Dungeon
  8685 | D:5      | Found a deep blue altar of Sif Muna.
  8752 | D:5      | Noticed Ijyb
  8764 | D:5      | Killed Ijyb
  8764 | D:5      | Reached XP level 8. HP: 47/54 MP: 1/11
  9455 | D:5      | Reached skill level 5 in Stealth
 10067 | D:5      | Found a snail-covered altar of Cheibriados.
 10071 | D:5      | Became a worshipper of Cheibriados the Contemplative
 10161 | D:6      | Reached skill level 2 in Invocations
 10446 | D:6      | Reached skill level 3 in Invocations
 10513 | D:6      | Reached skill level 1 in Shields
 10618 | D:6      | Found a staircase to the Ecumenical Temple.
 10805 | D:6      | Noticed Grinder
 10819 | D:6      | Reached XP level 9. HP: 58/58 MP: 2/12
 10820 | D:6      | Killed Grinder
 11012 | D:6      | Reached skill level 4 in Invocations
 11685 | D:7      | Reached skill level 5 in Invocations
 12044 | D:7      | Reached * piety under Cheibriados
 12085 | D:7      | Reached skill level 6 in Invocations
 12689 | D:7      | Reached skill level 7 in Invocations
 13135 | D:7      | Found a glowing silver altar of Zin.
 13189 | D:7      | Found a runed gate.
 13191 | D:7      | Noticed Soeti's ghost (novice OpTm)
 13192 | D:7      | Found a runed gate.
 13193 | D:7      | Found a runed gate.
 13223 | D:7      | Found a roughly hewn altar of Beogh.
 13389 | D:3      | Killed Ijustatesigmund's ghost
 13674 | D:7      | Killed Soeti's ghost
 13674 | D:7      | Reached skill level 8 in Invocations
 13674 | D:7      | Reached XP level 10. HP: 59/63 MP: 3/16
 13813 | D:7      | Reached skill level 9 in Invocations
 14919 | D:8      | Reached skill level 10 in Invocations
 14922 | D:8      | Mangled by an orc warrior

Vault maps used:
D:1:      minmay_arrival_wavy_path, minmay_misc_feat_secret_circle
D:2:      lemuel_doored_altar, first_ration, minmay_pentomino_s4
D:3:      minmay_roachtagon, gammafunk_ghost_split, solitary_fountain,
          st_stairs_2
D:4:      grunt_gozag_breadcrumbs, kennysheep_little_box, kennysheep_mini
D:5:      lemuel_round_altar, kennysheep_slug_shrine, uniq_ijyb
D:6:      lemuel_ice_spiral_2, temple_green, minmay_misc_feat_chi, uniq_grinder
D:7:      zin_scriptorium, biasface_ghost_orc_armoury
D:8:      dancing_weapons_uskayaw, minmay_lair_entry_grove, serial_rivers,
          chequers_serial_rivers_micro_c, chequers_serial_rivers_small_a,
          chequers_serial_rivers_room_b, chequers_serial_rivers_large_a,
          grunt_ogre_cave

Skill      XL: |  1  2  3  4  5  6  7  8  9 10 |
---------------+-------------------------------+-----
Fighting       | 2 3 |  3.7
Maces & Flails | 1 2 4 |  4.1
Hexes          | 1 2 3 |  3.6
Conjurations   | 6 7 |  7.1
Stealth        | 4 5 |  5.8
Invocations    | 3 8 10 | 10.1
Shields        | 3 4 |  4.6
Dodging        | |  2.7
Spellcasting   | |  2.0

Action                   |  1- 3 |  4- 6 |  7- 9 | 10-12 || total
-------------------------+-------+-------+-------+-------++-------
Melee: Whip              |    29 |    84 |    14 |       ||   127
       Constrict         |     9 |    25 |    20 |     5 ||    59
       Tentacles         |     6 |    17 |    22 |     6 ||    51
       Unarmed           |     1 |       |       |       ||     1
       Mace              |       |       |    78 |    17 ||    95
       Staff             |       |       |    12 |       ||    12
 Cast: Magic Dart        |    65 |   132 |   263 |    26 ||   486
       Searing Ray       |       |     7 |     9 |     9 ||    25
       Dazzling Spray    |       |     1 |     2 |       ||     3
Invok: Bend Time         |       |       |       |     2 ||     2
Evoke: Wand              |       |       |     4 |     1 ||     5
  Use: Scroll            |     1 |    13 |     9 |       ||    23
       Potion            |       |     2 |     6 |     3 ||    11
 Stab: Sleeping          |       |     1 |     7 |       ||     8
       Distracted        |       |     1 |       |       ||     1
  Eat: Chunk             |     3 |    11 |    14 |     4 ||    32
       Ration            |       |     2 |     3 |       ||     5
Armor: Skin              |     6 |     9 |    22 |     1 ||    38
Dodge: Dodged            |    29 |    89 |   124 |    29 ||   271
Block: Buckler           |       |       |    26 |    17 ||    43

Table legend:
 A = Non-vault XP
 B = Vault XP
 C = Vault XP percentage of total XP
 D = Non-vault monster count
 E = Vault monster count
 F = Vault count percentage of total count
                 A         B        C        D         E       F
            +---------+---------+-------+---------+---------+-------
      Total |    4005 |    1791 |  30.9 |     186 |      35 |  15.8
            +---------+---------+-------+---------+---------+-------
        D:1 |      61 |       0 |   0.0 |      32 |       0 |   0.0
        D:2 |      73 |      25 |  25.5 |      21 |       6 |  22.2
        D:3 |     354 |     297 |  45.6 |      43 |      16 |  27.1
        D:4 |     397 |       0 |   0.0 |      17 |       0 |   0.0
        D:5 |     794 |      40 |   4.8 |      26 |       2 |   7.1
        D:6 |    1097 |     295 |  21.2 |      18 |       1 |   5.3
        D:7 |     828 |     812 |  49.5 |      24 |       8 |  25.0
        D:8 |     401 |     322 |  44.5 |       5 |       2 |  28.6
            +---------+---------+-------+---------+---------+-------
